 Dungeon Crawl Stone Soup version 0.17-a0-1899-ge84b1df (webtiles) character file.

683 Banto the Insei (level 7, -1/57 HPs)
             Began as a Naga Transmuter on Sept 24, 2015.
             Was an Initiate of Cheibriados.
             Slain by a wight
             ... wielding a cursed +0 long sword
              (10 damage)
             ... on level 4 of the Dungeon.
             The game lasted 00:14:52 (5429 turns).

Banto the Insei (Naga Transmuter)                   Turns: 5429, Time: 00:14:52

Health: -1/57      AC:  3    Str: 13    XL:     7   Next: 61%
Magic:  9/9        EV: 10    Int: 17    God:    Cheibriados [......]
Gold:   19         SH:  0    Dex: 14    Spells: 3 memorised, 4 levels left

rFire  . . .     SeeInvis +       - Unarmed
rCold  + . .     Clarity  +     m - +0 robe
rNeg   . . .     SustAt   +     (no shield)
rPois  +         Gourm    .     (no helmet)
rElec  .         Spirit   .     (no cloak)
rCorr  .         Warding  .     (no gloves)
rMut   .         Stasis   .     (no barding)
MR     .....                    (no amulet)
Stlth  ++........               u - ring of sustain attributes
                                p - ring of protection from cold

@: drained, very slow, not resistant to hostile enchantments, unstealthy
A: see invisible, clarity, clever 1, deformed body, low mp 1, poison resistance,
slowness 2, slow metabolism 1, spit poison 2, AC +2
a: Spit Poison, Bend Time, Renounce Religion


You were on level 4 of the Dungeon.
You worshipped Cheibriados.
Cheibriados was noncommittal.
You were not hungry.

You visited 2 branches of the dungeon, and saw 5 of its levels.

You collected 110 gold pieces.
You spent 91 gold pieces at shops.

Inventory:

Hand weapons
 b - a +1 blowgun
Missiles
 a - 81 arrows
 e - 29 poisoned needles
Armour
 m - a +0 robe (worn)
Jewellery
 p - a ring of protection from cold (left hand)
 t - an uncursed ring of fire {unknown}
 u - a ring of sustain attributes (right hand)
Magical devices
 k - a wand of teleportation (2)
Scrolls
 g - 2 scrolls of remove curse
 i - a scroll of enchant weapon
 o - a scroll of recharging
 q - a scroll of identify
Potions
 f - 2 potions of resistance
 s - a potion of might
Books
 c - a book of Changes

   Spells                             Type                      Level
   a - Beastly Appendage              Transmutation                1
   b - Sticks to Snakes               Transmutation                2
   c - Spider Form                    Transmutation/Poison         3
   d - Ice Form                       Ice/Transmutation            4
   e - Blade Hands                    Transmutation                5
Comestibles
 d - 3 bread rations
 h - a chunk of flesh
 l - 2 meat rations
 n - a royal jelly
 r - a beef jerky


   Skills:
 - Level 1.0(0.7) Fighting
 - Level 1.5(1.2) Dodging
 - Level 3.2(2.9) Stealth
 * Level 6.4(6.0) Unarmed Combat
 - Level 2.0(1.7) Spellcasting
 + Level 4.9(4.6) Transmutations
 - Level 3.0(2.7) Poison Magic


You had 4 spell levels left.
You knew the following spells:

 Your Spells              Type           Power        Failure   Level  Hunger
a - Beastly Appendage     Trmt           ###...       2%          1    ##.....
b - Sticks to Snakes      Trmt           ###.......   4%          2    ###....
c - Spider Form           Trmt/Pois      ##........   14%         3    ####...


Dungeon Overview and Level Annotations

Branches:
Dungeon (4/15)             Temple (1/1) D:4

Altars:
Ashenzari
Cheibriados
Dithmenos
Elyvilon
Fedhas
Gozag
Kikubaaqudgha
Makhleb
Nemelex Xobeh
Okawaru
Qazlal
Ru
Sif Muna
Trog
Vehumet
Xom
Yredelemnul
Zin
The Shining One

Shops:
D:4 *


Innate Abilities, Weirdness & Mutations

You cannot wear boots.
Your serpentine skin is tough (AC +2).
You have supernaturally acute eyesight.
Armour fits poorly on your strangely shaped body.
Your system is resistant to poisons.
You cover ground very slowly.
You have a slow metabolism.
You can spit poison.
You possess an exceptional clarity of mind.
Your mind is acute. (Int +2)
Your magical capacity is low (-10% MP).


Message History

You have got your breath back.
The orc hits you but does no damage.
You kill the orc!
Cheibriados appreciates the change of pace.
The wight barely misses you.
Drink which item? (? for menu, Esc to quit)
You feel better. The wight misses you.
You punch the wight!
The wight is heavily damaged.
The wight hits you with a long sword.
* * * LOW HITPOINT WARNING * * *
You hit the wight.
The wight is almost destroyed.
The wight hits you but does no damage.
You hit the wight.
The wight is almost destroyed.
You hit the wight but do no damage.
The wight is almost destroyed.
The wight hits you with a long sword!
You die...

........###...##....###.## #.#
................)######.z######.#
.......#########.....###...##....
(....#..#### #####..####.#.....
.....#.....### ##....#.......
.......###...## ####".........
#.÷........#..######.[...##.#....
#........#.#..<##...).##.##...###
..........∩.....@z.....#.####.##
.)......>#.#.............####..#
...............................#
.......#...(............########
......)#.............)..(..##
.......#................##..##
.......#.....[..........##...##
.......##....<................##
..........[....##.....####.....#


You could see a wight.

Vanquished Creatures
  Eustachio (D:4)
  2 wights (D:4)
  An orc priest (D:3)
  Terence (D:2)
  Natasha (thrice) (D:4)
  An orc wizard (D:4)
  2 worker ants (D:4)
  7 adders
  3 gnolls (D:3)
  3 oozes
  A worm (D:2)
  2 giant geckos
  7 orcs
  6 giant cockroaches
  13 goblins
  5 hobgoblins
  2 jackals (D:2)
  7 kobolds
  3 quokkas
  2 ball pythons (D:2)
  7 bats
  4 giant newts
  6 rats
89 creatures vanquished.

Vanquished Creatures (collateral kills)
  The ghost of blinkfrog the Skirmisher, an average DsMo of Nemelex Xobeh (D:4)
  A big kobold (D:3)
  An orc priest (D:4)
  A hound skeleton (D:4)
  An orc (D:4)
  A jackal (D:2)
6 creatures vanquished.

Grand Total: 95 creatures vanquished

Notes
Turn   | Place    | Note
--------------------------------------------------------------
     0 | D:1      | Banto the Naga Transmuter began the quest for the Orb.
     0 | D:1      | Reached XP level 1. HP: 18/18 MP: 3/3
   288 | D:1      | Reached XP level 2. HP: 2/25 MP: 1/5
   583 | D:1      | Reached skill level 1 in Stealth
   771 | D:1      | Reached XP level 3. HP: 27/31 MP: 4/6
   903 | D:1      | Learned a level 2 spell: Sticks to Snakes
   907 | D:1      | Learned a level 3 spell: Spider Form
  1727 | D:2      | Found a deep blue altar of Sif Muna.
  1950 | D:2      | Noticed Terence
  1957 | D:2      | HP: 1/46 [Terence/wand of frost (9)]
  1960 | D:2      | Killed Terence
  1960 | D:2      | Reached skill level 4 in Unarmed Combat
  1960 | D:2      | Reached XP level 4. HP: 27/38 MP: 7/7
  2223 | D:2      | Reached XP level 5. HP: 13/44 MP: 6/8
  3097 | D:3      | Reached skill level 1 in Poison Magic
  3357 | D:3      | Found a faded altar to an unknown god.
  3527 | D:3      | Reached XP level 6. HP: 37/51 MP: 9/9
  3969 | D:3      | Reached skill level 5 in Unarmed Combat
  4258 | D:4      | Noticed Natasha
  4267 | D:4      | Killed Natasha
  4417 | D:4      | Noticed Natasha
  4418 | D:4      | Killed Natasha
  4423 | D:4      | Noticed blinkfrog's ghost (average DsMo)
  4436 | D:4      | Noticed Eustachio
  4456 | D:4      | Killed blinkfrog's ghost
  4469 | D:4      | Killed Eustachio
  4469 | D:4      | Reached XP level 7. HP: 13/57 MP: 2/10
  4624 | D:4      | Found Jiurupsu's General Store.
  4632 | D:4      | Found a stormy altar of Qazlal.
  4657 | D:4      | Bought a potion of lignification for 39 gold pieces
  4657 | D:4      | Bought a scroll of identify for 26 gold pieces
  4657 | D:4      | Bought a scroll of identify for 26 gold pieces
  4660 | D:4      | Gained mutation: Your magical capacity is low (-10% MP). [potion of mutation]
  4660 | D:4      | Lost mutation: Your magical capacity is low (-10% MP). [potion of mutation]
  4661 | D:4      | Gained mutation: Your magical capacity is low (-10% MP). [potion of mutation]
  4661 | D:4      | Gained mutation: You possess an exceptional clarity of mind. [potion of mutation]
  4661 | D:4      | Gained mutation: Your mind is acute. (Int +2) [potion of mutation]
  4681 | D:4      | Noticed Natasha
  4688 | D:4      | Killed Natasha
  4735 | D:4      | Found a staircase to the Ecumenical Temple.
  4744 | Temple   | Entered the Ecumenical Temple
  4972 | Temple   | Became a worshipper of Cheibriados the Contemplative
  5097 | D:4      | Reached skill level 6 in Unarmed Combat
  5415 | D:4      | HP: 2/57 [orc/falchion (6)]
  5429 | D:4      | Slain by a wight

Vault maps used:
D:1:      erik_arrival_gehennom, kennysheep_boxes
D:2:      lemuel_crystal_altar, uniq_terence
D:3:      ecumenical_altar_2
D:4:      overflow_temple_1_default, temple_hall, serial_shops,
          nicolae_shop_crystal, first_bread, uniq_natasha, uniq_eustachio
Temple:   minmay_crystal_snake_temple_18

Action                   |  1- 3 |  4- 6 |  7- 9 || total
-------------------------+-------+-------+-------++-------
Melee: Unarmed           |   102 |   130 |    41 ||   273
 Fire: Blowgun           |       |       |     4 ||     4
 Cast: Beastly Appendage |    11 |    16 |     5 ||    32
       Sticks to Snakes  |       |    13 |     6 ||    19
       Spider Form       |       |       |     2 ||     2
 Abil: Spit Poison       |    17 |    39 |     5 ||    61
  Use: Scroll            |     5 |     2 |     7 ||    14
       Potion            |     3 |     2 |     4 ||     9
 Stab: Sleeping          |     5 |     3 |       ||     8
       Distracted        |       |     1 |       ||     1
  Eat: Chunk             |     3 |    10 |     2 ||    15
       Pizza             |       |       |     1 ||     1
